AoeStats
← Aragorn

Arabia

510447693Analyzed
1v1 RM · 1d ago on Oct 1, 2026· 54m 56s· 2 players
Game mode
Random Map
Map size
Tiny (2 player)
Population
200
Speed
Normal
Resources
Standard
Victory
Conquest
Starting age
Dark Age
Ending age
Imperial Age
RankedLock teamsTeams togetherTeam positionsShared explorationLock speedFull tech treeHidden civsTurbo modeCheats
Victory
Defeat
🇨🇱 Wu · Chile
827
+18
🇨🇴 Spanish · Colombia
875
-18
DarthCerna
7:53 Loom
10:39 Feudal Age
18:37 Castle Age
17:39 Fletching
24:55 Horse Collar
27:02 Double-Bit Axe
29:49 Wheelbarrow
29:17 Heavy Plow
30:52 Bodkin Arrow
34:43 Imperial Age
35:31 Elite Skirmisher
36:19 Bracer
36:20 Padded Archer Armor
36:31 Forging
36:27 Scale Barding Armor
36:23 Scale Mail Armor
38:53 Heavy Hei Guang Cavalry
39:57 Husbandry
43:36 Chemistry
42:49 Red Cliffs Tactics
43:12 Conscription
43:34 Bloodlines
44:26 Elite Fire Archer
Aragorn
10:21 Feudal Age
11:31 Double-Bit Axe
15:23 Wheelbarrow
16:07 Bloodlines
17:17 Forging
21:05 Castle Age
19:08 Stone Mining
19:09 Gold Mining
20:07 Horse Collar
21:54 Husbandry
23:25 Stone Shaft Mining
23:58 Fletching
26:21 Heavy Plow
27:04 Scale Barding Armor
34:45 Imperial Age
32:53 Ballistics
33:27 Bow Saw
33:43 Inquisition
33:18 Pikeman
34:56 Bodkin Arrow
35:03 Padded Archer Armor
36:38 Chemistry
36:20 Hand Cart
36:54 Conscription
38:04 Hoardings
50:36 Light Cavalry
Connection lost

Rejoining the realm…

Still unreachable

The connection could not be restored.

Session expired

The server has moved on; the page needs a fresh start.